 Dungeon Crawl Stone Soup version 0.23-a0-407-g92528d7c89 (webtiles) character file.

135 Bikalo the Conjurer (level 4, -2/24 HPs)
             Began as a Deep Elf Conjurer on Nov 7, 2018.
             Slain by a black bear (8 damage)
             ... on level 3 of the Dungeon.
             The game lasted 00:09:18 (2812 turns).

Bikalo the Conjurer (Deep Elf Conjurer)             Turns: 2812, Time: 00:09:19

Health: -2/24      AC:  6    Str:  5    XL:     4   Next: 97%
Magic:  2/12       EV: 12    Int: 21    God:
Gold:   76         SH:  0    Dex: 15    Spells: 5/11 levels left

rFire    + . .     SeeInvis .   e - +1 dagger (venom)
rCold    + + .     Gourm    .   (no shield)
rNeg     . . .     Faith    .   b - +3 leather armour {rC+}
rPois    +         Spirit   .   (no helmet)
rElec    +         Reflect  .   (no cloak)
rCorr    +         Harm     .   (no gloves)
MR       .....                  (no boots)
Stlth    ++........             (no amulet)
HPRegen  0.08/turn              (no ring)
MPRegen  0.13/turn              (no ring)

@: resistant
A: no striking features
a: no special abilities


You were on level 3 of the Dungeon.
You were not hungry.

You visited 1 branch of the dungeon, and saw 3 of its levels.

You collected 76 gold pieces.

Inventory:

Hand Weapons
 e - a +1 dagger of venom (weapon)
 r - a +0 dagger
Armour
 a - a +0 robe
 b - a +3 leather armour of cold resistance (worn)
Jewellery
 f - a +3 ring of slaying {unknown}
 p - a cursed ring of teleportation {unknown}
Scrolls
 d - 3 scrolls of identify
 i - a scroll of amnesia {unknown}
 j - 2 scrolls of remove curse
 k - a scroll of teleportation {unknown}
 m - a scroll of magic mapping {unknown}
 o - a scroll of immolation {unknown}
 q - a scroll of fog {unknown}
Potions
 g - a potion of degeneration {unknown}
 h - a potion of resistance
 l - 2 potions of magic {unknown}
 n - a potion of mutation {unknown}
 s - a potion of agility {unknown}
Comestibles
 c - 10 rations


   Skills:
 + Level 0.0 Armour
 + Level 3.4 Dodging
 + Level 3.7 Stealth
 + Level 4.0 Spellcasting
 * Level 5.5 Conjurations


You had 5 spell levels left.
You knew the following spells:

 Your Spells              Type           Power        Failure   Level  Hunger
a - Magic Dart            Conj           ####         1%          1    None
b - Searing Ray           Conj           ####..       3%          2    #......
c - Dazzling Spray        Conj/Hex       ###...       19%         3    ###....

Your spell library contained the following spells:

 Spells                   Type           Power        Failure   Level  Hunger
 Iskenderun's Mystic Bla  Conj           ####....     21%         4    ####...
 Force Lance              Conj/Tloc      ###.....     54%         4    ####...
 Fulminant Prism          Conj/Hex       ###.......   54%         4    ####...


Dungeon Overview and Level Annotations

Branches:
Dungeon (3/15)

Altars:


Message History

Aim: a black bear (almost dead, berserk, fast, unusually strong)
The magic dart hits the black bear.
The black bear is almost dead.
The black bear bites you. The black bear barely misses you.
The black bear claws you but does no damage.
You barely miss the black bear.
The black bear is almost dead.
The black bear bites you. The black bear claws you.
The black bear claws you but does no damage.
You hit the black bear but do no damage.
The black bear is almost dead.
The black bear barely misses you. The black bear claws you.
The black bear claws you but does no damage.
The black bear bites you! The black bear barely misses you.
The black bear claws you.
* * * LOW HITPOINT WARNING * * *
It was a potion of resistance.
You feel protected. The black bear bites you!
You die...

#.# ### .. ##.....). #.# #.####
###.# ##...... #.# #....#
.........#.### #.#
###.##.##.####.####.### #.#
#####......#..# #.# #.##. #.#
#............# #...##.#.) #.#
#............# #....[).
###.###............#######....<.#
#......)........@..#.........##[#
#......##.......h..........## #..
#......##..................# ##.
#......###......g.##.......# #
#####.............##.......#
........................
........>................
........................#
.................


You could see a black bear (berserk) and a goblin.

Vanquished Creatures
  4 gnolls
  3 adders (D:2)
  A dart slug (D:1)
  A leopard gecko (D:2)
  7 orcs
  12 bats
  4 giant cockroaches
  8 goblins
  8 hobgoblins
  5 frilled lizards (D:1)
  4 kobolds
  A rat (D:1)
58 creatures vanquished.

Notes
Turn   | Place    | Note
-------+----------+-------------------------------------------
     0 | D:1      | Bikalo the Deep Elf Conjurer began the quest for the Orb.
     0 | D:1      | Reached XP level 1. HP: 10/10 MP: 6/6
   232 | D:1      | Reached XP level 2. HP: 14/15 MP: 4/8
   335 | D:1      | Learned a level 2 spell: Searing Ray
   795 | D:1      | Reached XP level 3. HP: 19/19 MP: 5/9
  1155 | D:2      | Reached skill level 5 in Conjurations
  1618 | D:2      | Learned a level 3 spell: Dazzling Spray
  1745 | D:3      | Reached XP level 4. HP: 24/24 MP: 6/11
  2785 | D:3      | Noticed a black bear
  2812 | D:3      | Slain by a black bear

Vault maps used:
D:1:      roderic_lyre, chequers_serial_rivers_small_b
D:2:      first_ration
D:3:      zin_treasury, old_standard_altar, marbit_many_paths

Skill      XL: |  1  2  3  4 |
---------------+-------------+-----
Stealth        | 3 |  3.7
Dodging        | 3 |  3.4
Conjurations   | 5 |  5.5
Spellcasting   | 4 |  4.0

Action                   |  1- 3 |  4- 6 || total
-------------------------+-------+-------++-------
Melee: Unarmed           |     7 |       ||     7
       Dagger            |       |    61 ||    61
 Cast: Magic Dart        |    68 |    37 ||   105
       Searing Ray       |     1 |     2 ||     3
       Dazzling Spray    |       |     6 ||     6
  Use: Scroll            |       |     4 ||     4
       Potion            |       |     3 ||     3
 Stab: Sleeping          |     1 |       ||     1
       Invisible         |       |     2 ||     2
  Eat: Chunk             |     2 |     4 ||     6
Armor: Robe              |     3 |     2 ||     5
       Leather armour    |       |    26 ||    26
Dodge: Dodged            |    15 |    78 ||    93

Table legend:
 A = Non-vault XP
 B = Vault XP
 C = Vault XP percentage of total XP
 D = Non-vault monster count
 E = Vault monster count
 F = Vault count percentage of total count
                 A         B        C        D         E       F
            +---------+---------+-------+---------+---------+-------
      Total |     194 |       0 |   0.0 |      58 |       0 |   0.0
            +---------+---------+-------+---------+---------+-------
        D:1 |      52 |       0 |   0.0 |      29 |       0 |   0.0
        D:2 |      93 |       0 |   0.0 |      19 |       0 |   0.0
        D:3 |      49 |       0 |   0.0 |      10 |       0 |   0.0
            +---------+---------+-------+---------+---------+-------
